 Dungeon Crawl Stone Soup version 0.23-a0-831-g5da158a (console) character file.

18 Duffy the Sneak (level 2, -2/22 HPs)
             Began as a Naga Wizard on Jan 23, 2019.
             Slain by an orc
             ... wielding a +0 trident
              (3 damage)
             ... on level 4 of the Dungeon.
             The game lasted 00:01:07 (586 turns).

Duffy the Sneak (Naga Wizard)                        Turns: 586, Time: 00:01:08

Health: -2/22      AC:  1    Str:  9    XL:     2   Next: 66%
Magic:  0/6        EV: 10    Int: 18    God:
Gold:   20         SH:  0    Dex:  9    Spells: 6/7 levels left

rFire    . . .     SeeInvis +   g - +0 dagger
rCold    . . .     Gourm    .   (no shield)
rNeg     . . .     Faith    .   a - +0 robe
rPois    +         Spirit   .   b - +0 hat
rElec    .         Reflect  .   (no cloak)
rCorr    .         Harm     .   (no gloves)
MR       .....                  (no barding)
Stlth    ++........             (no amulet)
HPRegen  0.07/turn              (no ring)
MPRegen  0.10/turn              (no ring)

@: short of breath, very slow
A: large, see invisible, deformed body, poison resistance, slowness 2, slow
metabolism 1, spit poison 1, AC +0
a: Spit Poison


You were on level 4 of the Dungeon.
You were not hungry.

You visited 1 branch of the dungeon, and saw 4 of its levels.

You collected 20 gold pieces.

Inventory:

Hand Weapons
 g - a +0 dagger (weapon)
Armour
 a - a +0 robe (worn)
 b - a +0 hat (worn)
Scrolls
 c - a scroll of remove curse {unknown}
 e - a scroll of noise {unknown}
 h - a scroll of teleportation {unknown}
Potions
 i - a potion of agility {unknown}
 j - a potion of cancellation {unknown}
Comestibles
 d - a ration
 f - a chunk of flesh


   Skills:
 - Level 1.5 Dodging
 - Level 3.0 Stealth
 - Level 3.0 Spellcasting
 + Level 2.5 Conjurations
   Level 1.0 Summonings
   Level 1.0 Translocations


You had 6 spell levels left.
You knew the following spells:

 Your Spells              Type           Power        Failure   Level  Hunger
h - Magic Dart            Conj           ##..         5%          1    None

Your spell library contained the following spells:

 Spells                   Type           Power        Failure   Level  Hunger
 Blink                    Tloc           N/A          16%         2    ##.....
 Call Imp                 Summ           #.......     16%         2    ##.....
 Slow                     Hex            #.......     24%         2    ##.....
 Conjure Flame            Conj/Fire      #.......     28%         3    ###....
 Mephitic Cloud           Conj/Pois/Air  #.......     34%         3    ###....


Dungeon Overview and Level Annotations

Branches:
Dungeon (4/15)
 Temple: D:4-7

Altars:


Innate Abilities, Weirdness & Mutations

You cannot wear boots.
Your serpentine skin is tough. (AC +0)
You have supernaturally acute eyesight. (SInv)
Armour fits poorly on your strangely shaped body.
Your system is resistant to poisons. (rPois)
You cover ground very slowly.
You have a slow metabolism.
You can spit poison.


Message History

Confirm with . or Enter, or press ? or * to list all spells.
You don't have enough magic to cast that spell.
Press: ? - help, Shift-Dir - straight line, f/p - orc
Aim: an orc, wielding a +0 trident and wearing a +0 scale mail (heavily wounded)
The splash of poison hits the orc.
The orc is almost dead.
You feel slightly more hungry.
The orc suddenly cheers.
The orc hits you from afar with a +0 trident.
The orc hits you from afar with a +0 trident!
Okay, then.
Casting: Magic Dart (safe; 5% risk of failure)
Confirm with . or Enter, or press ? or * to list all spells.
Aiming: Magic Dart (safe; 5% risk of failure)
Press: ? - help, Shift-Dir - straight line, f/p - orc
Aim: an orc, wielding a +0 trident and wearing a +0 scale mail (almost dead)
The magic dart hits the orc but does no damage.
The orc is almost dead.
The orc hits you from afar with a +0 trident.
You die...

.......##..##########.##
.....o......+..........#
............#..........+
.########..#########..##
####..###...###..#
#.......'........#
#.....o.#........#
#.......#........# ..
##..##@###..####.# #.#
### #+# #..####.####.##
............#...
.............#...
.....[.......##..#
.............##..#
...............
#.##.###..##)..
#.##.###..##...


You could see an orc.

Vanquished Creatures
  A worm (D:2)
  A dart slug (D:1)
  A bat (D:1)
  2 goblins
  A hobgoblin (D:2)
  2 jackals (D:3)
  A quokka skeleton (D:4)
  4 rats
13 creatures vanquished.

Notes
Turn   | Place    | Note
-------+----------+-------------------------------------------
     0 | D:1      | Duffy the Naga Wizard began the quest for the Orb.
     0 | D:1      | Reached XP level 1. HP: 15/15 MP: 4/4
   220 | D:2      | Reached XP level 2. HP: 18/22 MP: 1/6
   584 | D:4      | HP: 1/22 [orc/+0 trident (7)]
   586 | D:4      | Slain by an orc

Vault maps used:
D:1:      minmay_arrival_shattered_statue, corner_web_ring, minmay_box_of_dots
D:2:      tgw_xom, chequers_ecumenical_altar_lobes
D:3:      grunt_temple_overflow_open, gammafunk_ghost_gnarly_gnolls,
          chequers_serial_rivers_micro_d
D:4:      lemuel_doored_altar, lemuel_crystal_altar, uniq_robin

Skill      XL: |  1 |
---------------+----+-----
Conjurations   | 2 |  2.5
Dodging        | |  1.5
Stealth        | |  3.0
Spellcasting   | |  3.0
Summonings     | |  1.0
Translocations | |  1.0

Action                   || total
-------------------------++-------
 Cast: Magic Dart        ||    36
 Abil: Spit Poison       ||     7
Dodge: Dodged            ||    10

Table legend:
 A = Non-vault XP
 B = Vault XP
 C = Vault XP percentage of total XP
 D = Non-vault monster count
 E = Vault monster count
 F = Vault count percentage of total count
                 A         B        C        D         E       F
            +---------+---------+-------+---------+---------+-------
      Total |      26 |       0 |   0.0 |      13 |       0 |   0.0
            +---------+---------+-------+---------+---------+-------
        D:1 |       8 |       0 |   0.0 |       4 |       0 |   0.0
        D:2 |      10 |       0 |   0.0 |       4 |       0 |   0.0
        D:3 |       7 |       0 |   0.0 |       4 |       0 |   0.0
        D:4 |       1 |       0 |   0.0 |       1 |       0 |   0.0
            +---------+---------+-------+---------+---------+-------
